 Dungeon Crawl Stone Soup version 0.29.1-12-g30fa7ad0bf (webtiles) character file.

Game seed: 5671641388169917064

11 ThatPearl the Chiller (level 2, -2/20 HPs)
             Began as a Demonspawn Ice Elementalist on Jan 8, 2023.
             Slain by a goblin
             ... wielding a +0 club
              (4 damage)
             ... on level 1 of the Dungeon.
             The game lasted 00:01:15 (210 turns).

ThatPearl the Chiller (Demonspawn Ice Elementalist)  Turns: 210, Time: 00:01:16

Health: -2/20      AC:  2    Str:  8    XL:     2   Next: 13%
Magic:  0/5        EV: 14    Int: 16    God:
Gold:   3          SH:  0    Dex: 13    Spells: 4/5 levels left

rFire   . . .      SeeInvis .   (no weapon)
rCold   . . .      Faith    .   (no shield)
rNeg    . . .      Spirit   .   a - +0 robe
rPois   .          Reflect  .   (no helmet)
rElec   .          Harm     .   (no cloak)
rCorr   .          Rampage  .   (no gloves)
Will    .....                   (no boots)
Stlth   ++........              (no amulet)
HPRegen 0.06/turn               (no ring)
MPRegen 0.09/turn               (no ring)

@: no status effects
A: repulsion field 1
a: no special abilities


You were on level 1 of the Dungeon.
You visited 1 branch of the dungeon, and saw 1 of its levels.

You collected 3 gold pieces.

Inventory:

Hand Weapons
 c - a +0 dagger
Armour
 a - a +0 robe (worn)
Scrolls
 e - a scroll of teleportation {unknown}
Potions
 b - a potion of magic


   Skills:
 + Level 0.9 Fighting
 - Level 1.7 Dodging
 - Level 1.7 Stealth
 + Level 2.2 Spellcasting
 + Level 3.8 Ice Magic


You had 4 spell levels left.
You knew the following spells:

 Your Spells              Type           Power      Damage    Failure   Level
a - Freeze                Ice            52%        1d7       4%          1

Your spell library contained the following spells:

 Spells                   Type           Power      Damage    Failure   Level
 Frozen Ramparts          Ice            26%        1d4       13%         3
 Ozocubu's Armour         Ice            13%        N/A       13%         3
 Hailstorm                Conj/Ice       7%         3d4       67%         4


Dungeon Overview and Level Annotations

Branches:
Dungeon (1/15)

Altars:


Innate Abilities, Weirdness & Mutations

You are surrounded by a mild repulsion field. (EV +2)


Message History

Press: ? - help, Q - select action, (/) - cycle Shift-Dir - straight line, f - you That would be overly suicidal.
Okay, then.
Throw: stone
Press: ? - help, Q - select action, (/) - cycle Shift-Dir - straight line, f - gnoll
Aim: a gnoll, wielding a +0 flail (60% to hit)
You throw a stone.
The stone hits the gnoll but does no damage.
Aiming: Freeze (safe; 4% risk of failure)
Press: ? - help, Q - select action Shift-Dir - straight line, f/p - gnoll
Aim: a gnoll, wielding a +0 flail You freeze the gnoll.
The gnoll is heavily wounded.
The gnoll closely misses you.
Aiming: Freeze (safe; 4% risk of failure)
Press: ? - help, Q - select action Shift-Dir - straight line, f/p - gnoll
Aim: a gnoll, wielding a +0 flail (heavily wounded)
You freeze the gnoll.
The gnoll is almost dead.
The gnoll hits you with a +0 flail!
Ouch! That really hurt!
Aiming: Freeze (safe; 4% risk of failure)
Press: ? - help, Q - select action Shift-Dir - straight line, f/p - gnoll
Aim: a gnoll, wielding a +0 flail (almost dead)
You freeze the gnoll.
You kill the gnoll!
You have reached level 2!
Your demonic ancestry asserts itself...
You begin to radiate repulsive energy.
The goblin attacks as you move away! The goblin hits you with a +0 club.
* * * LOW HITPOINT WARNING * * *
You don't have enough magic to cast this spell.
Unknown command.
Really attack while wielding nothing? [Y]es or [N]o only, please.
Really attack while wielding nothing?
You hit the goblin.
The goblin is heavily wounded.
The goblin hits you with a +0 club.
You die...

#+# #.# ..# #.# #.#
..# #.# ### #.#
..#######.####.## #.#
...........##.#.## #g#
..##.........###.# #.#
.# #.##....##.#.## #.#
.###.##.#.####.#####.#
.....##>#.# #..@g)..#
.######.#.# #########
.# #.#.# .######.#.#
........#†#
##.......†# #.######.#
#.# #.# #.# ####.##


You could see a goblin.

Vanquished Creatures
  A gnoll (D:1)
  A frilled lizard (D:1)
  A kobold (D:1)
3 creatures vanquished.

Notes
Turn   | Place    | Note
-------+----------+-------------------------------------------
     0 | D:1      | ThatPearl the Demonspawn Ice Elementalist began the quest
                  | for the Orb.
     0 | D:1      | Reached XP level 1. HP: 13/13 MP: 3/3
   209 | D:1      | Gained mutation: You are surrounded by a mild repulsion
                  | field. (EV +2) [demonic ancestry]
   209 | D:1      | Reached XP level 2. HP: 6/20 MP: 0/5
   210 | D:1      | Slain by a goblin

Illustrated notes

Levels and vault maps discovered:
D:1:      reono_arrival_forest_river, layout_loops_corners,
          dreamdust_ecumenical_altar_hidden_monk_grotto

Action                   || total
-------------------------++-------
Melee: Unarmed           ||     3
Throw: Stone             ||     1
 Cast: Freeze            ||     6
Dodge: Dodged            ||     2
